 Dungeon Crawl Stone Soup version 0.21.1-1-g345015f (webtiles) character file.

2 n0claF the Caller (level 1, -1/10 HPs)
             Began as a Deep Elf Summoner on June 14, 2018.
             Slain by a jackal (3 damage)
             ... on level 1 of the Dungeon.
             The game lasted 00:00:48 (37 turns).

n0claF the Caller (Deep Elf Summoner)                 Turns: 37, Time: 00:00:49

Health: -1/10      AC:  2    Str:  5    XL:     1   Next: 25%
Magic:  1/6        EV: 13    Int: 19    God:
Gold:   0          SH:  0    Dex: 15    Spells: 5/6 levels left

rFire    . . .     SeeInvis .   c - +0 whip
rCold    . . .     Gourm    .   (no shield)
rNeg     . . .     Faith    .   a - +0 robe
rPois    .         Spirit   .   (no helmet)
rElec    .         Reflect  .   (no cloak)
rCorr    .         Harm     .   (no gloves)
MR       .....                  (no boots)
Stlth    ++........             (no amulet)
HPRegen  0.03/turn              (no ring)
MPRegen  0.10/turn              (no ring)

@: no status effects
A: no striking features
a: no special abilities


You were on level 1 of the Dungeon.
You were not hungry.

You visited 1 branch of the dungeon, and saw 1 of its levels.

Inventory:

Hand Weapons
 c - a +0 whip (weapon)
   (You found it on level 1 of the Dungeon)
Armour
 a - a +0 robe (worn)
Books
 b - a book of Callings
Comestibles
 e - a ration {!d}


   Skills:
 + Level 2.5 Dodging
 + Level 2.5 Stealth
 + Level 3.0 Spellcasting
 + Level 4.4 Summonings


You had 5 spell levels left.
You knew the following spells:

 Your Spells              Type           Power        Failure   Level  Hunger
a - Summon Small Mammal   Summ           ###.         2%          1    None


Dungeon Overview and Level Annotations

Branches:
Dungeon (1/15)

Altars:


Message History

The bat misses something. x2; The bat barely misses something.
The bat barely misses your quokka. x2; The jackal barely misses you.
The bat completely misses your quokka. The jackal closely misses you.
The bat closely misses your quokka.
Your bat barely misses the bat.
The jackal bites you.
* * * LOW HITPOINT WARNING * * *
Your quokka closely misses the jackal.
You hit the jackal but do no damage.
The bat hits your bat but does no damage.
The jackal barely misses your quokka.
The bat hits your bat but does no damage.
The jackal bites you but does no damage.
Your quokka closely misses the jackal.
The jackal bites your quokka.
Your bat closely misses the bat.
The jackal bites you but does no damage.
You closely miss the jackal. Your bat misses the bat.
The bat hits your quokka but does no damage.
Your quokka closely misses the jackal.
The jackal bites your bat. The jackal bites you.
* * * LOW HITPOINT WARNING * * *
Your bat barely misses the bat.
You miss the jackal. Your bat misses the bat.
The bat barely misses your quokka.
Your quokka bites the jackal.
The jackal dies!
The jackal closely misses you.
Your quokka bites the jackal.
The jackal bites you.
* * * LOW HITPOINT WARNING * * *
What are your orders? t - Shout!
Orders for allies: a - Attack new target. r - Retreat! s - Stop attacking. g - Guard the area. f - Follow me.
Anything else - Cancel.
Gang up on whom?
Aim: a jackal (heavily wounded) Attack!
The bat barely misses your quokka.
Your bat closely misses the bat.
The jackal closely misses you.
Your quokka closely misses the jackal.
The bat hits your bat. The jackal bites your quokka.
Your bat misses the bat.
The bat hits your quokka but does no damage.
Your bat closely misses the bat.
The jackal misses you.
Your bat hits the jackal but does no damage.
Your quokka barely misses the bat.
The jackal misses your quokka. The jackal closely misses you.
The jackal barely misses your quokka.
Your quokka misses the jackal. The jackal barely misses you.
The jackal bites your quokka.
Your quokka dies!
Your quokka's corpse disappears in a puff of smoke!
The jackal bites you.
You die...

.≈..... .§.?.. .≈....
.. #.... ##### #≈≈
##≈≈###..@#
....#....#.##h#
....≈[...≈.##b##.#..
..(.≈.⌠<.≈h.h.b......
....≈)...bb##.##.####
....#....#.##.# # ...
##≈≈#hr...# #
#...?..####
......†.##


You could see 2 jackals, a bat and a friendly bat.

Vanquished Creatures (collateral kills)
  A goblin (D:1)
  A jackal (D:1)
  A rat (D:1)
3 creatures vanquished.

Notes
Turn   | Place    | Note
-------+----------+-------------------------------------------
     0 | D:1      | n0claF the Deep Elf Summoner began the quest for the Orb.
     0 | D:1      | Reached XP level 1. HP: 10/10 MP: 6/6
    37 | D:1      | Slain by a jackal

Action                   || total
-------------------------++-------
Melee: Unarmed           ||     6
       Whip              ||     3
 Cast: Summon Small Mamm ||     8
Armor: Robe              ||     3
Dodge: Dodged            ||    19
